 Dungeon Sprint DCSS version 0.30.1-4-g462c640d31 (webtiles) character file.

Game seed: 5340299761230175859

602 Heoruswealwe the Trooper (level 6, -3/61 HPs)
             Began as a Demigod Fighter on Aug 16, 2023.
             Slain by a centaur warrior (8 damage)
             ... in the Dungeon (Sprint I: "Red Sonja").
             The game lasted 00:03:44 (260 turns).

Heoruswealwe the Trooper (Demigod Fighter)           Turns: 260, Time: 00:03:44

Health: -3/61      AC:  8    Str: 25    XL:     6   Next: 97%
Magic:  8/8        EV:  9    Int: 10    God:
Gold:   405        SH:  6    Dex: 13    Spells: 5/5 levels left

rFire   . . .        a - +0 war axe
rCold   . . .        d - +0 buckler
rNeg    . . .        c - +0 scale mail
rPois   .            (no helmet)
rElec   .            (no cloak)
rCorr   .            (no gloves)
SInv    .            (no boots)
Will    .....        (no amulet) Stlth
                     (no ring)
HPRegen 0.30/turn    (no ring)
MPRegen 0.11/turn

%: no teleportation
@: no status effects
A: high MP 1, forlorn, divine attributes
a: no special abilities


You were in the Dungeon.
You visited 1 branch You collected 405 gold pieces.

Inventory:

Hand Weapons
 a - a +0 war axe (weapon)
Armour
 c - a +0 scale mail (worn)
 d - a +0 buckler (worn)
Wands
 b - a wand of flame (16)
Scrolls
 f - a scroll of silence {unknown}
Potions
 g - a potion of attraction {unknown}
 h - 2 potions of magic
 i - a potion of berserk rage
 k - a potion of flight {unknown}


   Skills:
 + Level 7.7 Fighting
 + Level 7.3 Axes
 + Level 7.6 Armour
 + Level 7.7 Shields


You had 5 spell levels left.
You didn't know any spells.
Your spell library was empty.

Dungeon Overview and Level Annotations

Branches:
Dungeon (1/1)

Shops:
D (


Innate Abilities, Weirdness & Mutations

You have an increased reservoir of magic. (+10% MP)
You shall have no god before yourself.
Your divine heritage dramatically boosts your attributes as you level up.


Message History

The centaur warrior kicks you but does no damage.
The centaur warrior hits you. The centaur warrior kicks you.
The centaur warrior hits you!
You block the centaur warrior's attack. x2
The centaur warrior kicks you but does no damage.
You slash the centaur warrior!
The centaur warrior is lightly wounded.
You hit the centaur warrior. The centaur warrior hits you.
The centaur warrior kicks you but does no damage.
The centaur warrior hits you.
* * * LOW HITPOINT WARNING * * *
The centaur warrior kicks you.
* * * LOW HITPOINT WARNING * * *
The centaur warrior hits you.
* * * LOW HITPOINT WARNING * * *
The centaur warrior barely misses you. The centaur warrior hits you.
* * * LOW HITPOINT WARNING * * *
The centaur warrior kicks you but does no damage.
You feel better. The centaur warrior hits you.
The centaur warrior kicks you but does no damage.
The centaur warrior hits you.
The centaur warrior kicks you but does no damage.
You feel better. The centaur warrior hits you. The centaur warrior kicks you.
The centaur warrior hits you but does no damage.
The centaur warrior kicks you but does no damage.
The centaur warrior hits you!
* * * LOW HITPOINT WARNING * * *
The centaur warrior kicks you.
* * * LOW HITPOINT WARNING * * *
The centaur warrior hits you but does no damage.
The centaur warrior kicks you.
* * * LOW HITPOINT WARNING * * *
You feel better. The centaur warrior hits you.
* * * LOW HITPOINT WARNING * * *
The centaur warrior kicks you but does no damage.
The centaur warrior hits you.
* * * LOW HITPOINT WARNING * * *
The centaur warrior kicks you.
* * * LOW HITPOINT WARNING * * *
The centaur warrior hits you!
You die...

##################
..)..#..'..#__#..+
).#..').#..'..'..#
####'#####'#__####
###..#...#.####§§#
__####..##.#~§§§@#
_____##'#_.§§§cc§+
_.∩...'..._#~§§§§#
_..__##_.#'##+####
_____###+#.#
###### ###


You could see 2 centaur warriors.

Vanquished Creatures
  A slime creature (D)
  A yak (D)
  Sigmund (D)
  An ogre (D)
  A jelly (D)
  Ijyb (D)
6 creatures vanquished.

Notes
Turn   | Place    | Note
-------+----------+-------------------------------------------
     0 | D        | Heoruswealwe the Demigod Fighter began the quest for the
                  | Orb.
     0 | D        | Reached XP level 1. HP: 18/18 MP: 3/3
     3 | D        | Noticed Ijyb
    11 | D        | Killed Ijyb
    12 | D        | Reached XP level 2. HP: 26/27 MP: 4/4
    15 | D        | Noticed an ogre
    19 | D        | Killed an ogre
    20 | D        | Reached XP level 3. HP: 35/35 MP: 5/5
    20 | D        | Reached XP level 4. HP: 41/41 MP: 6/6
    23 | D        | Noticed Sigmund
    26 | D        | Killed Sigmund
    27 | D        | Reached skill level 5 in Axes
    27 | D        | Reached XP level 5. HP: 41/50 MP: 7/7
    36 | D        | Noticed a slime creature
    46 | D        | Killed a slime creature
    47 | D        | Reached XP level 6. HP: 45/60 MP: 8/8
   228 | D        | Found Geboveoc's Weapon Emporium.
   228 | D        | Noticed a yak
   234 | D        | Killed a yak
   250 | D        | Noticed a centaur warrior
   250 | D        | Noticed a centaur warrior
   260 | D        | Slain by a centaur warrior

Illustrated notes

Levels and vault maps discovered:
D:        dungeon_sprint_1 [red_sonja_temple_1, red_sonja_temple_small_1]

Skill      XL: |  1  2  3  4  5  6 |
---------------+-------------------+-----
Fighting       | 3 4 6 7 |  7.7
Axes           | 3 4 5 6 7 |  7.3
Armour         | 3 4 6 7 |  7.6
Shields        | 3 4 6 7 |  7.7

Action                     |  1- 3 |  4- 6 || total
---------------------------+-------+-------++-------
  Melee: War axe           |     9 |    23 ||    32
  Evoke: Wand              |     2 |     1 ||     3
    Use: Potion            |     2 |     4 ||     6
         Scroll            |       |     1 ||     1
 Armour: Scale mail        |       |    19 ||    19
  Dodge: Dodged            |     2 |    10 ||    12
  Block: Buckler           |     4 |     6 ||    10
